 Dungeon Crawl Stone Soup version 0.23.2-1-ga50397a6bc (webtiles) character file.

Game seed: 17794421244006442979

60 Menchi the Skirmisher (level 3, -3/33 HPs)
             Began as a Minotaur Gladiator on May 13, 2019.
             Slain by a gnoll
             ... wielding a +0 halberd
              (16 damage)
             ... on level 2 of the Dungeon.
             The game lasted 00:02:16 (766 turns).

Menchi the Skirmisher (Minotaur Gladiator)           Turns: 766, Time: 00:02:17

Health: -3/33      AC:  3    Str: 18    XL:     3   Next: 80%
Magic:  2/2        EV: 13    Int:  5    God:
Gold:   29         SH:  0    Dex: 12    Spells: 2/2 levels left

rFire    . . .     SeeInvis +   h - +1 spear (flame)
rCold    . . .     Gourm    .   (no shield)
rNeg     . . .     Faith    .   b - +0 leather armour
rPois    .         Spirit   .   c - +0 hat
rElec    .         Reflect  .   (no cloak)
rCorr    .         Harm     .   (no gloves)
MR       .....                  (no boots)
Stlth    +.........             m - amulet of magic regeneration
HPRegen  0.11/turn              l - ring of see invisible
MPRegen  0.33/turn              (no ring)

@: no status effects
A: retaliatory headbutt, horns 2
a: no special abilities


You were on level 2 of the Dungeon.
You were not hungry.

You visited 1 branch of the dungeon, and saw 2 of its levels.

You collected 29 gold pieces.

Inventory:

Hand Weapons
 h - a +1 spear of flaming (weapon)
Missiles
 d - 3 throwing nets (quivered)
Armour
 b - a +0 leather armour (worn)
 c - a +0 hat (worn)
Jewellery
 l - a ring of see invisible (left hand)
 m - an amulet of magic regeneration (around neck)
Potions
 g - a potion of haste {unknown}
 i - a potion of brilliance {unknown}
 k - a potion of curing {unknown}
 n - a potion of mutation {unknown}
 o - a potion of flight {unknown}
Comestibles
 f - 2 rations


   Skills:
 * Level 4.0 Fighting
 - Level 3.6 Polearms
 - Level 2.0 Throwing
 + Level 1.9 Armour
 + Level 3.8 Dodging


You had 2 spell levels left.
You didn't know any spells.
Your spell library was empty.

Dungeon Overview and Level Annotations

Branches:
Dungeon (2/15)

Altars:


Innate Abilities, Weirdness & Mutations

You reflexively headbutt those who attack you in melee.
You have a pair of horns on your head.


Message History

Attack whom?
Press: ? - help, Dir - move target cursor, f/p - gnoll
Aim: a gnoll, wielding a +0 halberd You reach to attack!
You closely miss the gnoll.
A gnoll comes into view.
The gnoll barely misses you.
Evoke which item? (* to show all) (? for menu, Esc to quit)
Attack whom?
Press: ? - help, Dir - move target cursor, f/p - gnoll
Aim: a gnoll, wielding a +0 halberd You reach to attack!
You hit the gnoll. You burn the gnoll.
The gnoll is moderately wounded.
Evoke which item? (* to show all) (? for menu, Esc to quit)
Attack whom?
Press: ? - help, Dir - move target cursor, f/p - gnoll
Aim: a gnoll, wielding a +0 halberd (moderately wounded)
You reach to attack!
You hit the gnoll. You burn the gnoll.
The gnoll is almost dead.
The gnoll hits you from afar with a +0 halberd!
You die...

........# ...#
.......#....#
......#....#
......#....#
..........#
........#
#######......#
#gggg.@......#
#.######.....#
#.....# #..##.#
##.##.#######
#.##.##....####
#.##..§§§......
#..#...§§§.#
##.#.##§§§.#


You could see 4 gnolls.

Vanquished Creatures
  A gnoll (D:1)
  An ooze (D:1)
  A dart slug (D:1)
  5 bats (D:1)
  6 goblins (D:1)
  3 hobgoblins (D:1)
  8 jackals (D:1)
  4 frilled lizards (D:1)
  5 kobolds (D:1)
  5 rats (D:1)
39 creatures vanquished.

Notes
Turn   | Place    | Note
-------+----------+-------------------------------------------
     0 | D:1      | Menchi the Minotaur Gladiator began the quest for the Orb.
     0 | D:1      | Reached XP level 1. HP: 18/18 MP: 0/0
   117 | D:1      | Reached skill level 3 in Fighting
   117 | D:1      | Reached XP level 2. HP: 23/26 MP: 1/1
   148 | D:1      | Reached skill level 1 in Armour
   270 | D:1      | Reached XP level 3. HP: 31/31 MP: 2/2
   670 | D:1      | Reached skill level 4 in Fighting
   766 | D:2      | Slain by a gnoll

Skill      XL: |  1  2  3 |
---------------+----------+-----
Fighting       | 3 4 |  4.0
Armour         | 1 |  1.9
Polearms       | |  3.6
Throwing       | |  2.0
Dodging        | |  3.8

Action                   || total
-------------------------++-------
Melee: Trident           ||    20
       Headbutt          ||     7
       Spear             ||    62
  Use: Scroll            ||     3
 Stab: Sleeping          ||     2
Armor: Leather armour    ||     6
       Robe              ||     7
Dodge: Dodged            ||    45
